 Dungeon Crawl Stone Soup version 0.29-a0-1008-g949cc1d0fb (webtiles) character file.

Game seed: 10040716903625301900

389 porpoise the Trooper (level 6, 0/55 HPs)
             Began as a Draconian Transmuter on Aug 8, 2022.
             Splashed by a jelly's acid (5 damage)
             ... on level 4 of the Dungeon.
             The game lasted 00:13:22 (4241 turns).

porpoise the Trooper (Draconian Transmuter)         Turns: 4241, Time: 00:13:22

Health: 0/55       AC: -2    Str: 14    XL:     6   Next: 49%
Magic:  9/9        EV: 12    Int: 19    God:
Gold:   3          SH:  0    Dex: 12    Spells: 2/9 levels left

rFire   . . .      SeeInvis .   a - +3 dagger (venom)
rCold   . . .      Faith    .   (no shield)
rNeg    . . .      Spirit   .   (body armour unavailable)
rPois   .          Reflect  .   (helmet currently unavailable)
rElec   .          Harm     .   (no cloak)
rCorr   .          Rampage  .   (no gloves)
Will    .....                   (boots currently unavailable)
Stlth   +.........              (no amulet)
HPRegen 0.18/turn               i - +6 ring of intelligence
MPRegen 0.11/turn               (no ring)

@: mighty, appendages, corroded
A: horns 2, talons 2, AC +6, unfitting armour, cold-blooded
a: End Transformation


You were on level 4 of the Dungeon.
You had temporarily grown beastly horns and talons.
You visited 1 branch of the dungeon, and saw 4 of its levels.

You collected 81 gold pieces.
You spent 78 gold pieces at shops.

Inventory:

Hand Weapons
 a - a +3 dagger of venom (weapon)
 b - a +0 sling
Missiles
 c - 5 silver boomerangs (quivered)
Jewellery
 i - a +6 ring of intelligence (left hand)
 q - a ring of poison resistance
Wands
 f - a wand of iceblast (5)
 n - a wand of charming (12)
Potions
 d - a potion of lignification
 e - 3 potions of curing
 h - a potion of resistance {unknown}
 j - a potion of flight {unknown}
 m - 3 potions of brilliance
 o - a potion of heal wounds {unknown}


   Skills:
 + Level 4.9 Fighting
 - Level 2.0 Short Blades
 - Level 1.7 Dodging
 - Level 3.0 Unarmed Combat
 - Level 2.0 Spellcasting
 + Level 4.8 Transmutations


You had 2 spell levels left.
You knew the following spells:

 Your Spells              Type           Power      Damage    Failure   Level
a - Beastly Appendage     Tmut           40%        N/A       2%          1
i - Ice Form              Ice/Tmut       11%        N/A       52%         4
w - Wereblood             Tmut           20%        N/A       3%          2

Your spell library contained the following spells:

 Spells                   Type           Power      Damage    Failure   Level
 Ensorcelled Hibernation  Hex/Ice        2%         N/A       26%         2
 Spider Form              Tmut/Pois      11%        N/A       19%         3
 Anguish                  Hex/Necr       0%         N/A       86%         4


Dungeon Overview and Level Annotations

Branches:
Dungeon (4/15)
 Temple: D:4-7

Altars:
Okawaru
Sif Muna

Shops:
D:1 (   D:3 *[

Annotations:
D:4 Pikel


Innate Abilities, Weirdness & Mutations

You have temporarily grown beastly horns and talons.
Your plain brown scales are hard. (AC +6)
You cannot fit into any form of body armour.
You are cold-blooded and may be slowed by cold attacks.


Message History

You hit the hobgoblin.
You kill the hobgoblin!
A jelly comes into view.
Casting: Beastly Appendage (safe; 2% risk of failure)
Confirm with . or Enter, or press ? or * to list all spells.
You grow a pair of large bovine horns.
Your feet morph into talons.
The jelly quivers.
A quokka comes into view.
The jelly closely misses you.
You hit the jelly.
Your hands burn!
The jelly is lightly wounded.
The jelly hits you but does no damage.
You hit the jelly.
Your hands burn!
You claw the jelly!
The jelly is heavily wounded.
The jelly hits you. The acid corrodes you!
You are splashed with acid!
You hit the jelly but do no damage.
Your hands burn!
Your kick misses the jelly.
The jelly is heavily wounded.
The jelly misses you.
You hit the jelly but do no damage. The acid corrodes you!
Your hands burn!
You headbutt the jelly, but do no damage.
The jelly is heavily wounded.
The quokka barely misses you. The jelly barely misses you.
You hit the jelly but do no damage.
Your hands burn!
You claw the jelly, but do no damage.
The jelly is heavily wounded.
The quokka bites you. The jelly hits you.
You are splashed with acid!
* * * LOW HITPOINT WARNING * * *
You are too injured to fight recklessly!
You hit the jelly but do no damage.
Your hands burn!
* * * LOW HITPOINT WARNING * * *
You claw the jelly, but do no damage.
You tail-slap the jelly, but do no damage.
The jelly is heavily wounded.
The quokka barely misses you. The quokka closely misses you.
You feel very mighty all of a sudden. The jelly closely misses you.
The quokka bites you.
* * * LOW HITPOINT WARNING * * *
You hit the jelly.
Your hands burn!
You die...

#.# .... ##.##.#.
#... ##...... #...
###......# #....
..#......#
####...#####.#.....#
.............##rJ.#
.............###@#
............(..#.#
#...#).##.#.#.#
#....)....#.#.#.#.# #
#...#..##.........#
#.#[..#..####.##..###
##.#...#..####.#
.....
.#.............#
.#####
.###.......##### .#


You could see a jelly and a quokka.

Vanquished Creatures
  A steam dragon (D:3)
  A lemure (D:3)
  A hound (D:4)
  Ijyb (D:4)
  Robin (D:4)
  3 gnolls (D:3)
  5 adders
  2 worms (D:3)
  5 dart slugs
  6 ball pythons
  10 endoplasms
  2 giant cockroaches (D:1)
  14 goblins
  10 hobgoblins
  3 jackals (D:2)
  9 kobolds
  8 quokkas
  8 bats
  6 frilled lizards
  5 rats
101 creatures vanquished.

Vanquished Creatures (others)
  32 plants (D:3)
32 creatures vanquished.

Grand Total: 133 creatures vanquished

Notes
Turn   | Place    | Note
-------+----------+-------------------------------------------
     0 | D:1      | porpoise the Draconian Transmuter began the quest for the
                  | Orb.
     0 | D:1      | Reached XP level 1. HP: 16/16 MP: 3/3
   563 | D:1      | Reached XP level 2. HP: 17/24 MP: 5/5
   851 | D:1      | Found Yzeogh's Antique Weapon Boutique.
  1130 | D:1      | Learned a level 2 spell: Wereblood
  1251 | D:1      | Reached XP level 3. HP: 28/29 MP: 4/6
  1392 | D:1      | Reached skill level 1 in Short Blades
  1861 | D:2      | Reached XP level 4. HP: 33/37 MP: 7/7
  2809 | D:3      | Identified the +4 scale mail "Daveeh" {+Blink}
  2891 | D:3      | Reached XP level 5. HP: 27/45 MP: 5/8
  3016 | D:3      | Learned a level 4 spell: Ice Form
  3023 | D:3      | Noticed a steam dragon
  3032 | D:3      | Killed a steam dragon
  3033 | D:3      | Reached XP level 6. HP: 23/53 MP: 7/9
  3186 | D:3      | Found a faded altar of an unknown god.
  3215 | D:3      | Found Wypeagur's Assorted Antiques.
  3223 | D:3      | Bought a gluggy clear potion for 25 gold pieces
  3223 | D:3      | Bought a green potion for 25 gold pieces
  3255 | D:3      | Found Rohubboa's Antique Armour Shop.
  3300 | D:3      | Bought a scroll labelled BOELAT ARITU for 28 gold pieces
  3363 | D:3      | Found an iron altar of Okawaru.
  3365 | D:3      | Found a shimmering blue altar of Sif Muna.
  3714 | D:4      | Noticed Pikel
  3833 | D:4      | Noticed Robin
  3843 | D:4      | Killed Robin
  3958 | D:4      | Noticed Ijyb
  3976 | D:4      | Killed Ijyb
  4241 | D:4      | Splashed by a jelly's acid

Illustrated notes

Levels and vault maps discovered:
D:1:      roderic_chinese_lattice_arrival, layout_loops_ring, serial_shops,
          shop_statue, st_stairs_9
D:2:      layout_basic, minmay_pentomino_z4
D:3:      layout_basic, mainiacjoe_overflow_catch_the_wave,
          nicolae_ecumenical_lake_church, serial_shops, shop,
          nicolae_shop_statue_plus
D:4:      layout_loops_cross, kennysheep_mini_moat, portal_sewer_entry_c,
          kennysheep_generic_room_16, uniq_menkaure, uniq_ijyb, uniq_pikel,
          uniq_robin

Skill      XL: |  1  2  3  4  5 |
---------------+----------------+-----
Fighting       | 2 3 4 |  4.9
Short Blades   | 1 2 |  2.0
Transmutations | 3 4 |  4.8
Dodging        | |  1.7
Unarmed Combat | |  3.0
Spellcasting   | |  2.0

Action                   |  1- 3 |  4- 6 || total
-------------------------+-------+-------++-------
Melee: Unarmed           |    13 |       ||    13
       Dagger            |    84 |   139 ||   223
       Kick              |    21 |    35 ||    56
       Tailslap          |    10 |    12 ||    22
       Headbutt          |     8 |    22 ||    30
       Punch             |     1 |     2 ||     3
Throw: Boomerang         |     2 |     2 ||     4
 Cast: Beastly Appendage |    20 |    18 ||    38
       Wereblood         |     1 |     4 ||     5
  Use: Scroll            |       |     8 ||     8
       Potion            |       |     1 ||     1
 Stab: Sleeping          |     1 |     2 ||     3
Armor: Skin              |    35 |    42 ||    77
Dodge: Dodged            |    65 |    80 ||   145

Table legend: (Time is in decaauts)
 A = Elapsed time spent in this place.
 B = Non-inter-level travel time spent in this place.
 C = Inter-level travel time spent in this place.
 D = Time resting spent in this place.
 E = Time spent auto-exploring this place.
 F = Levels seen in this place.
 G = Mean time per level.
                   A        B        C        D        E       F      G
               +--------+--------+--------+--------+--------+-----+--------+
         Total |   4225 |   4078 |    147 |   1309 |   2185 |   4 | 1056.2 |
       Dungeon |   4225 |   4078 |    147 |   1309 |   2185 |   4 | 1056.2 |
               +--------+--------+--------+--------+--------+-----+--------+

Top non-repeatable levels by time:
     D:1: 1531 daAuts
     D:3: 1165 daAuts
     D:2: 1102 daAuts
     D:4: 425 daAuts
